Unix NetHack Version 5.0.0-0 post-release - last build Jun 10 2026 00:39:30 (3ee93aec679c4c4259841fe613dc97188e26a321,branch:main).

Game began 2026-06-24 18:39:16, ended 2026-06-24 18:59:22.

DaveT, lawful male human Priest

                                                                       ------
                                                                       -.--.--
                                                                    .--......|
                                                                    ........--
                                                     ..|         ---.<%)...--
                                                   ....|       |..^....---.|
                                                 . ....| ------.......-  ---
                                                 ...*..---..|.........--
                                                 ...........|.--.).....|
                     ----                         ....)..)....|--.)....-------
                    -->.|                          ......------ --...........--
                    |..)--                          -^----       |..)...).....|
                ------.[)--.                        ---          --..).....|.--
                ..@f.........                                     ---....-----
                ..).--...`...                                       --...|
                ........)%.%.                                        |..)|
                 ...........                                         --.--
                 --....)%...                                          ---
                  ---.----.
                    ---
DaveT the Adept              St:13 Dx:11 Co:15 In:10 Wi:18 Ch:12  Lawful
Dlvl:7  $:27 HP:0(46) Pw:18(66) AC:0  Xp:7 T:4231  Burdened

Latest messages:
 You finish your dressing maneuver.
 What do you want to wear? [bctK or ?*] b
 You are now wearing a robe.
 What do you want to wear? [c or ?*] ?
 You are now wearing a small shield.
 There are several objects here.
 A crossbow bolt misses you.
 A crossbow bolt misses you.
 You see here a giant spider corpse.
 The gnome wields a dagger!
 You kill the gnome!
 You see here a forked wand.
 A little dart shoots out at you!
 A little dart misses you.
 Your candle is getting short.
 You have a little trouble lifting l - a forked wand.
 What do you want to write with? [- alDFGNPY or ?*] -
 You write in the dust with your fingertip.
 What do you want to write in the dust here? foo
 What do you want to write with? [- alDFGNPY or ?*] b
 You can't engrave with such a large object!
 What do you want to write with? [- alDFGNPY or ?*] ?
 A lynx suddenly appears next to you!
 Do you want to add to the current engraving? [ynq] (y) q
 Never mind.
 You miss the lynx.
 You hit the lynx!
 The lynx hits!
 The lynx misses!
 The lynx misses!
 You hit the lynx!
 The lynx hits!
 The lynx misses!
 The lynx bites!
 The lynx hits!
 The lynx hits again!
 The lynx just misses!
 You miss the lynx.
 The lynx hits!
 The lynx hits again!
 The lynx bites!
 The lynx hits!
 The lynx hits again!
 The lynx misses!
 You fail to cast the spell correctly.
 The lynx misses!
 The lynx hits!
 You die...
 Do you want your possessions identified? [ynq] (y) y
 Do you want to see your attributes? [ynq] (y) q

Inventory:
 Coins    ('$')
  $ - 27 gold pieces
 Weapons  (')')
  D - 8 +0 arrows
  P - 5 +2 darts
  F - 8 +0 shuriken
  N - a +0 elven dagger
  G - a +0 aklys
  a - a blessed +1 mace (weapon in left hand)
 Armor    ('[')
  y - a +0 orcish helm (being worn)
  w - a +0 pair of jumping boots (being worn)
  c - a burnt +0 small shield (being worn)
  t - a +0 cloak of protection
  b - a +0 robe (being worn)
  K - a cursed -2 robe
  k - a blessed +1 chain mail (being worn)
 Comestibles  ('%')
  e - a clove of garlic
  C - 3 food rations
  A - a lembas wafer
  f - a sprig of wolfsbane
 Scrolls  ('?')
  E - a scroll of confuse monster
  s - a blessed scroll of remove curse
  I - a scroll of remove curse
  B - a scroll of scare monster
  J - a cursed scroll of teleportation
 Spellbooks  ('+')
  j - a spellbook of detect monsters
  h - a spellbook of healing
  p - a spellbook of healing
  r - a spellbook of knock
  g - a spellbook of protection
 Potions  ('!')
  d - 4 potions of holy water
  L - a potion of water
 Wands    ('/')
  l - a wand of create monster (0:11)
 Tools    ('(')
  S - a blindfold
  i - a leash
  R - a lock pick
  Y - a magic marker (0:48)
  O - a partly used wax candle (lit)

DaveT the Priest's attributes:

Background:
 You were an Adept, a level 7 human Priest.
 You were lawful, on a mission for Athena
 who was opposed by Hermes (neutral) and Poseidon (chaotic).
 You were left-handed.
 You were in the Gnomish Mines, on level 7.
 You entered the dungeon 4231 turns ago.
 You had 897 experience points, 383 more were needed to attain level 8.

Basics:
 You had 0 out of 46 hit points.
 You had 18 out of 66 energy points (spell power).
 Your armor class was 0.
 Your wallet contained 27 zorkmids.
 Autopickup was off.

Final Characteristics:
 Your strength was 13 (limit:18/100).
 Your dexterity was 11 (limit:18).
 Your constitution was 15 (limit:18).
 Your intelligence was 10 (limit:18).
 Your wisdom was 18 (limit:18).
 Your charisma was 12 (limit:18).

Final Status:
 You weren't hungry.
 You were burdened; movement was slightly slowed.
 You were wielding a mace.
 You were skilled in mace and could have enhanced that.

Final Attributes:
 You were piously aligned.
 You were telepathic.
 You could jump.
 You were guarded.
 Your spell casting was impaired by metallic armor, mitigated by your robe.
 You are dead.

Miscellaneous:
 You didn't encounter any bones levels.
 Total elapsed playing time was 20 minutes and 6 seconds.

Major events:
 Turn
    1: DaveT the lawful human Priest entered the dungeon
  506: performed his first genocide (rust monsters)
  953: attained the rank of Acolyte (level 3)
 2483: entered the Gnomish Mines
 3009: attained the rank of Adept (level 6)
 3322: reached Mine Town
 4231: killed by a lynx

Spells:
 Name                 Level Category     Fail Retention
 protection             1   clerical      67%   71%-80%
 healing                1   healing       49%  76%-100%
 detect monsters        1   divination    67%  76%-100%
 knock                  1   matter        67%  76%-100%

Skills:
 Fighting Skills
   bare handed combat [Unskilled]
 Weapon Skills
   club               [Unskilled]
   mace               [Skilled]
   morning star       [Unskilled]
   flail              [Unskilled]
   hammer             [Unskilled]
   quarterstaff       [Unskilled]
   polearms           [Unskilled]
   spear              [Unskilled]
   trident            [Unskilled]
   lance              [Unskilled]
   bow                [Unskilled]
   sling              [Unskilled]
   crossbow           [Unskilled]
   dart               [Unskilled]
   shuriken           [Unskilled]
   boomerang          [Unskilled]
   unicorn horn       [Unskilled]
 Spellcasting Skills
   healing spells     [Unskilled]
   divination spells  [Unskilled]
   clerical spells    [Basic]

Voluntary challenges:
 Character rerolling was not enabled.
 You genocided 1 type of monster.
 You never polymorphed an object.
 You never changed form.
 You used no wishes.
Achievements:
 You attained the rank of Acolyte.
 You entered the Gnomish Mines.
 You attained the rank of Adept.
 You entered Minetown.
 You entered a temple.
 You entered a shop.

 The Dungeons of Doom: levels 1 to 5
    Level 1:
       A fountain.
    Level 2:
    Level 3:
    Level 4:
       A fountain, a sink.
       Stairs down to The Gnomish Mines.
    Level 5:
 The Gnomish Mines: levels 5 to 9
    Level 5:
    Level 6:
    Level 7: <- You were here.
       Final resting place for
          you, killed by a lynx.
    Level 8:
       Many shops, a temple and an altar, some fountains.
    Level 9:


Vanquished creatures:
  2 large mimics
  a small mimic
  2 giant spiders
  a gnome ruler
  a dingo
  a raven
  a gnome mummy
  a human zombie
  a bugbear
  a water nymph
  a shrieker
  a violet fungus
  4 gnome leaders
  2 gnomish wizards
  2 giant ants
  3 floating eyes
  a dwarf
  a homunculus
  3 rothes
  a rabid rat
  a giant bat
  a manes
  2 hobgoblins
  5 cave spiders
  a green mold
 28 gnomes
  a garter snake
  2 geckos
  8 jackals
  2 foxes
  a kobold
  a goblin
  2 sewer rats
  2 grid bugs
  6 lichens
  4 kobold zombies
  8 newts
106 creatures vanquished.

Genocided species:
 rust monsters
1 species genocided.

Game over:
                       ----------
                      /          \
                     /    REST    \
                    /      IN      \
                   /     PEACE      \
                  /                  \
                  |      DaveT       |
                  |      27 Au       |
                  | killed by a lynx |
                  |                  |
                  |                  |
                  |                  |
                  |       2026       |
                 *|     *  *  *      | *
        _________)/\\_//(\/(/\)/\//\/|_)_______

Goodbye DaveT the Priest...

You died in The Gnomish Mines on dungeon level 7 with 4063 points,
and 27 pieces of gold, after 4231 moves.
You were level 7 with a maximum of 46 hit points when you died.

